 Dungeon Crawl Stone Soup version 0.31-a0-851-g7ff8af7976 (webtiles) character file.

Game seed: 12792830933502096300

100 lunkers the Ruffian (level 5, 0/40 HPs)
             Began as a Meteoran Shapeshifter on Oct 6, 2023.
             Splashed by a jelly's acid (8 damage)
             ... on level 3 of the Dungeon.
             The game lasted 00:02:12 (999 turns).

lunkers the Ruffian (Meteoran Shapeshifter)          Turns: 999, Time: 00:02:12

Health: 0/40       AC:  1    Str: 16    XL:     5   Next: 24%
Magic:  6/6        EV: 12    Int: 11    God:
Gold:   72         SH:  0    Dex: 15    Spells: 4/4 levels left

rFire   . .          .
                       - Unarmed
rCold   . . .        (no shield)
rNeg    + . .        p - +2 leather armour {rN+}
rPois   .            (helmet currently unavailable)
rElec   .            (cloak currently unavailable)
rCorr   .            (gloves currently unavailable)
SInv    .            (boots currently unavailable)
Will    .....        (no amulet)
Stlth   +            (no ring)
HPRegen 0.26/turn    (no ring)
MPRegen 0.10/turn

%: no passive effects
@: beast-form, corroded, glowing
A: beast (slay +2), sense surroundings 1, otherworldly, glowing, explore regen
a: Begin Untransformation


You were on level 3 of the Dungeon.
You were a hulking beast.
You visited 1 branch of the dungeon, and saw 3 of its levels.

You collected 72 gold pieces.

Inventory:

Armour
 p - a +2 leather armour of positive energy (worn)
Jewellery
 e - an amulet of faith
Talismans
 c - a beast talisman (active)
 d - a flux talisman
 l - a maw talisman
Scrolls
 a - a scroll of fear {unknown}
 f - 2 scrolls of identify {unknown}
 g - a scroll of enchant armour {unknown}
 i - a scroll of amnesia {unknown}
 o - a scroll of revelation {unknown}
Potions
 b - a potion of lignification
 h - a potion of curing {unknown}
 j - 2 potions of haste {unknown}
 m - a potion of enlightenment {unknown}
 n - a potion of heal wounds {unknown}
 q - a potion of brilliance {unknown}


   Skills:
 - Level 1.1 Fighting
 - Level 2.1 Dodging
 * Level 5.6 Unarmed Combat
 + Level 4.5 Shapeshifting


You had 4 spell levels left.
You didn't know any spells.
Your spell library was empty.

Dungeon Overview and Level Annotations

Branches:
Dungeon (3/15) Zot: 811

Altars:
Fedhas

Shops:
D:1 ?!?[


Innate Abilities, Weirdness & Mutations

You are a hulking beast.
Your limbs bulge with bestial killing power. (Slay +2)
You passively map a small area around you.
You are easily found by Zot.
You glow in the dark.
You regain HP and MP as you explore.


Message History

The slug dart hits you.
Found a robe.
Found an escape hatch in the ceiling.
A hobgoblin and a ball python come into view.
The hobgoblin shouts!
The ball python hisses angrily.
The hobgoblin moves out of view.
A jelly comes into view.
The jelly quivers.
You hit the dart slug but do no damage. You punch the dart slug.
The dart slug is moderately wounded.
The dart slug launches a dart at you. The slug dart hits you.
You punch the dart slug!
You kill the dart slug!
The hobgoblin barely misses you. The ball python bites you.
The ball python grabs you. The ball python constricts you.
You hit the ball python.
You kill the ball python!
The hobgoblin hits you.
You barely miss the hobgoblin. The hobgoblin barely misses you.
You completely miss the jelly. You punch the jelly.
The jelly is lightly wounded.
The hobgoblin hits you but does no damage.
The jelly barely misses you.
You hit the jelly. The acid corrodes you!
Your hands burn!
The jelly is heavily wounded.
The hobgoblin hits you but does no damage.
The jelly closely misses you.
You hit the jelly but do no damage.
Your hands burn!
The jelly is heavily wounded.
The hobgoblin misses you. The jelly hits you.
You are splashed with acid!
* * * LOW HITPOINT WARNING * * *
You hit the jelly.
Your hands burn!
* * * LOW HITPOINT WARNING * * *
The jelly is severely wounded.
The hobgoblin hits you.
* * * LOW HITPOINT WARNING * * *
The jelly hits you.
* * * LOW HITPOINT WARNING * * *
You are splashed with acid!
You die...

, , .............. **
..............., , ,
................
,..[............. ,
...........<... *
.........#.#.# *
*#....††.....##,
#....ghJ?# #.* ###
#....##..# #..#####.<
#..#.####.#####.........
* .
..............#......# ,
,
.#..#.##...########..##
.... #....#.### ##...# ,
, ,
....####.....#####..#..
*
..#...##.....#.....###.
,
............##.###.....


You could see a jelly and a hobgoblin.

Vanquished Creatures
  Natasha (D:2)
  2 adders (D:2)
  2 worms (D:2)
  2 dart slugs
  2 bats
  5 endoplasms
  3 giant cockroaches (D:1)
  3 goblins
  2 hobgoblins
  2 jackals (D:2)
  7 kobolds
  4 quokkas
  3 ball pythons
  5 frilled lizards
  3 rats (D:2)
46 creatures vanquished.

Notes
Turn   | Place    | Note
-------+----------+-------------------------------------------
     0 | D:1      | lunkers the Meteoran Shapeshifter began the quest for the
                  | Orb.
     0 | D:1      | Reached XP level 1. HP: 16/16 MP: 2/2
    60 | D:1      | Found Eroik's Magic Scroll Shop.
    80 | D:1      | Reached skill level 4 in Unarmed Combat
    80 | D:1      | Reached XP level 2. HP: 19/23 MP: 3/3
   165 | D:1      | Found Iludyh's Magic Scroll Emporium.
   256 | D:1      | Reached XP level 3. HP: 26/28 MP: 4/4
   366 | D:1      | Found Adwewko's Distillery.
   440 | D:1      | Found Voig's Antique Armour Shop.
   634 | D:2      | Found a faded altar of an unknown god.
   673 | D:2      | Found a blossoming altar of Fedhas.
   704 | D:2      | Reached XP level 4. HP: 35/35 MP: 5/5
   874 | D:2      | Reached skill level 5 in Unarmed Combat
   878 | D:2      | Noticed Natasha
   890 | D:2      | Killed Natasha
   891 | D:2      | Reached XP level 5. HP: 20/40 MP: 6/6
   999 | D:3      | Splashed by a jelly's acid

Illustrated notes

Levels and vault maps discovered:
D:1:      dpeg_arrival_signposts, layout_loops_ring, serial_shops, shop,
          nicolae_shop_advertising_works [nicolae_subvault_shop_adworks], shop,
          shop, chequers_serial_rivers_room_a
D:2:      layout_basic, hellmonk_ecumenical_altar_inner_sanctum, basic_altar,
          uniq_natasha, uniq_sigmund
D:3:      layout_rooms, gammafunk_ghost_grave

Skill      XL: |  1  2  3  4 |
---------------+-------------+-----
Unarmed Combat | 4 5 |  5.6
Shapeshifting  | 4 |  4.5
Fighting       | |  1.1
Dodging        | |  2.1

Action                     |  1- 3 |  4- 6 || total
---------------------------+-------+-------++-------
  Melee: Unarmed           |    68 |    50 ||   118
         Punch             |       |     2 ||     2
 Armour: Animal skin       |    25 |       ||    25
         Scale mail        |     4 |     1 ||     5
         Leather armour    |       |    28 ||    28
  Dodge: Dodged            |    28 |    31 ||    59

Table legend: (Time is in decaauts)
 A = Elapsed time spent in this place.
 B = Non-inter-level travel time spent in this place.
 C = Inter-level travel time spent in this place.
 D = Time resting spent in this place.
 E = Time spent auto-exploring this place.
 F = Levels seen in this place.
 G = Mean time per level.
                   A        B        C        D        E       F      G
               +--------+--------+--------+--------+--------+-----+--------+
         Total |    987 |    947 |     40 |      0 |    613 |   3 |  329.0 |
       Dungeon |    987 |    947 |     40 |      0 |    613 |   3 |  329.0 |
               +--------+--------+--------+--------+--------+-----+--------+

Top non-repeatable levels by time:
     D:1: 495 daAuts
     D:2: 450 daAuts
     D:3: 41 daAuts
